Map: Thunderbird LE

Players

Mez - Winner!

  • Race: Terran Terran
  • League: Master
  • Spawn Location: 5:00

Pawjaw

  • Race: Zerg Zerg
  • League: Master
  • Spawn Location: 11:00

VOD

Have the link to the VOD?

Description

Time

  • Played on: Aug. 10, 2019, 5:31 p.m.
  • Length: 17:35
Show
View Real Time Build Order
Export as new Build Order

Mez Terran - Winner!

Build Orders: Reaper Expand, Banshee Rush 

Get SALT Encoding   

  12  0:01  SCV  
  13  0:13  SCV  
  14  0:19  Supply Depot  
  14  0:25  SCV  
  15  0:40  SCV  
  15  0:41  Barracks  
  16  0:45  Refinery  
  16  0:53  SCV  
  17  1:05  SCV  
  18  1:17  SCV  
  19  1:30  Reaper, Orbital Command  
  20  1:40  Command Center  
  20  1:52  Supply Depot  
  20  1:56  SCV  
  21  2:02  Marine  
  21  2:08  SCV  
  23  2:15  Refinery  
  23  2:17  Factory  
  23  2:21  SCV  
  24  2:25  Barracks Reactor  
  24  2:33  SCV  
  25  2:46  SCV  
  26  2:57  Orbital Command  
  26  2:58  SCV  
  27  3:06  Starport  
  27  3:09  Barracks Tech Lab  
  27  3:10  Hellion, SCV  
  27  3:11  Hellion  
  32  3:14  Supply Depot  
  32  3:22  SCV  
  33  3:38  Widow Mine x2  
  36  3:41  SCV, Barracks Tech Lab  
  36  3:42  SCV  
  38  3:51  Bunker, Banshee  
  38  3:52  Cloaking Field  
  41  3:57  SCV x2  
  42  4:09  SCV x2  
  44  4:11  Marine  
  44  4:12  Marine  
  44  4:15  Cyclone  
  49  4:20  Supply Depot  
  49  4:21  SCV x2  
  51  4:31  Marine x2  
  47  4:46  Banshee  
  47  4:47  Cyclone  
  47  4:49  Marine x2  
  51  4:56  SCV x2  
  46  5:07  Marine x2  
  48  5:15  Command Center  
  48  5:23  SCV x2  
  48  5:37  SCV x2  
  47  5:43  Hellion x2  
  47  5:49  SCV  
  53  5:54  Barracks x2  
  52  6:07  Hellion  
  52  6:09  Stimpack, Starport Reactor  
  54  6:13  Engineering Bay  
  54  6:14  Engineering Bay  
  54  6:20  Supply Depot  
  54  6:26  Hellion, SCV x2  
  54  6:27  Orbital Command  
  54  6:29  Supply Depot  
  54  6:30  Supply Depot  
  58  6:34  Hellion  
  58  6:38  SCV x2  
  62  6:43  Refinery x2  
  59  6:50  SCV  
  59  6:51  Barracks Reactor x2  
  59  6:54  Marine  
  60  6:57  SCV x2  
  60  7:00  Supply Depot  
  63  7:02  SCV, Supply Depot  
  64  7:09  SCV x2  
  64  7:13  Orbital Command  
  64  7:14  Marine  
  67  7:16  Medivac x2  
  67  7:18  Siege Tank  
  74  7:22  Terran Infantry Weapons Level 1  
  74  7:23  Terran Infantry Armor Level 1  
  74  7:24  Barracks x2  
  74  7:25  SCV x2  
  74  7:28  Supply Depot  
  76  7:37  Marine x4  
  76  7:39  Supply Depot  
  76  7:41  SCV x3  
  83  7:45  Marine  
  83  7:50  Medivac  
  86  7:54  Marine  
  86  7:55  Marine  
  88  7:58  SCV x2  
  90  8:06  Siege Tank, Marine  
  90  8:07  Marine x2  
  90  8:08  SCV  
  90  8:10  SCV, Supply Depot  
  90  8:11  SCV  
  90  8:12  Marine x2  
  101  8:20  Marine x2  
  101  8:21  Barracks Tech Lab  
  101  8:22  Refinery  
  101  8:24  Marine  
  101  8:25  Combat Shield, Marine x2  
  106  8:29  SCV, Armory  
  106  8:30  Marine x2  
  106  8:33  SCV x2  
  111  8:41  SCV  
  112  8:42  Siege Tank  
  112  8:43  Marine  
  112  8:44  Marine x2, Marauder x2  
  112  8:48  Factory  
  118  8:54  SCV x2  
  117  8:58  Refinery  
  117  9:00  Marine x3  
  117  9:01  Marine, Command Center  
  116  9:10  Medivac x2  
  116  9:11  Concussive Shells  
  116  9:15  Marine x2, Marauder x2  
  126  9:18  Siege Tank, Marine x3  
  132  9:25  Marine  
  133  9:33  Factory Tech Lab  
  133  9:37  Terran Infantry Weapons Level 2  
  133  9:39  Barracks  
  133  9:40  Barracks, Supply Depot  
  133  9:41  Terran Infantry Armor Level 2, Barracks  
  133  9:45  Marine x2, Marauder  
  137  9:46  Supply Depot  
  137  9:58  Marine  
  137  9:59  Marine, Marauder  
  141  10:01  Marine x2  
  141  10:02  Marine x2  
  141  10:07  Marauder  
  147  10:09  Medivac x2  
  147  10:13  Supply Depot x2  
  151  10:15  Supply Depot  
  151  10:16  Marine x2  
  125  10:39  Marine x3  
  125  10:40  Siege Tank, Marine x3  
  125  10:41  Marine  
  116  10:56  Planetary Fortress  
  111  11:03  Liberator x2  
  111  11:04  Marine x6, Marauder x2, Supply Depot  
  106  11:05  Siege Tank  
  106  11:07  Barracks Tech Lab  
  106  11:08  Barracks Reactor  
  106  11:09  Barracks Tech Lab  
  117  11:12  Siege Tank  
  118  11:22  Marine x2  
  118  11:24  SCV x3  
  129  11:36  SCV x2  
  129  11:37  Marine  
  132  11:40  Supply Depot  
  132  11:42  Supply Depot  
  132  11:50  Refinery  
  132  11:51  Siege Tank x2  
  132  11:52  Refinery  
  138  11:57  Marine  
  138  11:58  Marine x5, Marauder  
  138  11:59  Marauder x2  
  130  12:03  Medivac x2  
  130  12:04  SCV x4  
  138  12:16  SCV  
  139  12:27  Marine x9, Marauder x3  
  139  12:28  Siege Tank x2  
  160  12:33  Medivac x2  
  147  12:45  Marine  
  147  12:46  Marauder  
  150  12:52  Marine  
  150  12:53  Marine x7, Marauder x2  
  162  13:00  Terran Infantry Weapons Level 3, Starport  
  162  13:02  Starport  
  162  13:03  Marine, Medivac x2  
  155  13:07  Marine  
  155  13:09  Command Center  
  155  13:10  Marine  
  155  13:11  Siege Tank x2, Marine x5, Marauder  
  164  13:14  Marauder  
  164  13:16  Liberator  
  164  13:23  Marine  
  164  13:24  Marine x3  
  168  13:28  Marine x3  
  168  13:30  Liberator  
  168  13:33  Marauder  
  175  13:35  Marauder  
  161  13:43  Marauder  
  161  13:45  Siege Tank x2  
  161  13:46  Marine x8  
  147  13:55  Marine x2  
  138  13:56  Marine  
  140  14:08  Marine x9  
  149  14:13  Marine  
  149  14:17  Marine x2  
  151  14:25  Marine  
  150  14:40  Marine x5  
  150  14:41  Marine x6  
  150  14:43  Marine  
  141  14:46  Medivac  
  141  14:47  Starport Reactor, Starport Tech Lab, Medivac  
  140  14:58  Marine  
  141  15:04  Command Center  
  141  15:11  Siege Tank x2  
  141  15:12  Medivac  
  149  15:16  Medivac  
  149  15:17  Medivac  
  153  15:32  Fusion Core  
  153  15:35  Terran Vehicle Weapons Level 1  
  150  15:41  Marine x11  
  150  15:42  Marine  
  159  15:59  Marine x4  
  159  16:02  Marine x2, Marauder  
  159  16:03  Marine x2, Marauder x3  
  173  16:08  Planetary Fortress  
  176  16:17  Marine x3  
  176  16:25  Thor  
  176  16:27  Hellbat  
  170  16:48  Thor  
  170  16:52  Marine x10, Marauder x2  
  189  17:01  Ghost Academy  
  188  17:10  Marine  
Show
View Real Time Build Order
Export as new Build Order

Pawjaw Zerg 

Build Orders: Hatch First, Roach Hydra 

Get SALT Encoding   

  12  0:00  Drone  
  13  0:12  Overlord  
  13  0:16  Drone  
  14  0:30  Drone x2  
  14  0:34  Drone  
  17  0:51  Hatchery  
  17  0:54  Drone  
  17  0:56  Drone  
  18  1:11  Spawning Pool  
  17  1:12  Extractor  
  17  1:15  Drone  
  17  1:18  Drone  
  18  1:29  Drone  
  19  1:39  Overlord  
  19  1:51  Drone  
  20  1:57  Queen  
  22  2:01  Zergling x2  
  22  2:03  Queen  
  22  2:04  Zergling x2  
  26  2:10  Drone  
  27  2:18  Metabolic Boost  
  27  2:19  Drone  
  28  2:27  Drone x2  
  30  2:32  Overlord  
  30  2:42  Roach Warren  
  28  2:47  Drone x3  
  31  2:55  Drone  
  32  2:59  Overlord  
  32  3:10  Drone  
  32  3:11  Drone x3  
  32  3:12  Overlord  
  36  3:24  Roach x4  
  44  3:35  Roach x2  
  44  3:40  Roach  
  50  3:50  Extractor  
  50  3:54  Drone x4, Queen  
  55  3:55  Drone  
  55  3:56  Drone  
  55  4:00  Zergling x2  
  55  4:01  Hatchery  
  58  4:04  Overlord  
  58  4:11  Zergling x2  
  58  4:14  Overlord, Drone  
  60  4:17  Lair  
  59  4:34  Ravager  
  59  4:37  Drone x4  
  64  4:40  Zergling x6  
  67  4:51  Zergling x2  
  67  4:52  Zergling x10  
  69  4:56  Drone  
  64  5:03  Drone, Extractor  
  64  5:04  Queen, Extractor  
  64  5:06  Evolution Chamber  
  57  5:15  Overlord  
  57  5:17  Spore Crawler  
  57  5:18  Spore Crawler  
  57  5:19  Queen  
  57  5:25  Drone x5  
  61  5:29  Overlord  
  61  5:30  Spore Crawler  
  58  5:38  Drone  
  58  5:40  Queen  
  58  5:42  Drone  
  61  5:43  Drone x6  
  61  5:49  Zerg Melee Weapons Level 1  
  66  5:52  Evolution Chamber  
  66  5:53  Hydralisk Den  
  66  5:55  Drone x2  
  66  5:56  Drone  
  67  5:58  Extractor  
  67  5:59  Overseer  
  67  6:02  Drone x3  
  69  6:11  Drone  
  69  6:12  Glial Reconstitution  
  70  6:21  Roach x2  
  70  6:22  Roach x3  
  80  6:26  Drone x5  
  80  6:27  Hatchery  
  85  6:33  Overlord  
  84  6:40  Drone x2  
  84  6:46  Drone x2  
  88  6:49  Drone  
  88  6:50  Drone, Hatchery, Extractor x2  
  88  6:51  Overlord x4  
  87  6:57  Zerg Missile Weapons Level 1  
  87  7:00  Grooved Spines  
  87  7:03  Drone x2  
  87  7:04  Drone x2  
  87  7:07  Hydralisk  
  87  7:08  Hydralisk  
  95  7:27  Hydralisk x7  
  109  7:31  Drone x2  
  109  7:32  Drone x2  
  113  7:39  Roach x4  
  121  7:45  Overseer  
  121  7:47  Hydralisk x3  
  127  7:57  Hydralisk  
  127  7:58  Zergling x2  
  130  7:59  Overlord x3  
  130  8:09  Drone x6  
  130  8:11  Muscular Augments  
  136  8:18  Zerg Ground Armor Level 1  
  136  8:22  Infestation Pit, Extractor  
  130  8:28  Drone x4  
  130  8:33  Baneling Nest  
  133  8:38  Spore Crawler  
  131  8:47  Zergling x40  
  151  8:50  Pneumatized Carapace  
  149  8:59  Zerg Missile Weapons Level 2  
  149  9:00  Overlord x2  
  149  9:01  Hive  
  149  9:05  Spore Crawler  
  149  9:08  Zergling x12  
  152  9:22  Overlord x2  
  150  9:32  Drone, Extractor  
  150  9:33  Drone x5  
  155  9:53  Spire  
  155  9:56  Pathogen Glands  
  155  9:59  Zergling x2  
  155  10:00  Zergling x32  
  155  10:01  Centrifical Hooks  
  155  10:03  Baneling x12  
  155  10:04  Baneling x2  
  170  10:08  Baneling  
  170  10:09  Zergling x2, Baneling x4  
  170  10:10  Zergling x12  
  147  10:37  Zergling x2  
  147  10:38  Zergling x22  
  155  10:46  Zergling x12  
  147  10:50  Hatchery  
  136  11:04  Queen  
  133  11:05  Hatchery  
  133  11:09  Greater Spire  
  133  11:11  Zerg Ground Armor Level 2  
  134  11:13  Zergling x28  
  134  11:15  Baneling x18  
  134  11:17  Ravager x5  
  153  11:20  Queen x3  
  153  11:21  Spire  
  158  11:38  Overlord x3  
  158  11:40  Viper x3  
  158  11:41  Zergling x2  
  158  11:42  Zergling x10  
  173  12:09  Zergling x28  
  173  12:10  Zerg Melee Weapons Level 2  
  187  12:23  Corruptor x6  
  198  12:46  Zerg Flyer Weapons Level 1  
  189  12:58  Drone x5  
  183  13:12  Baneling x6  
  174  13:13  Baneling x5  
  174  13:17  Corruptor x3  
  180  13:21  Zergling x34  
  180  13:22  Zergling x4  
  199  13:27  Zerg Missile Weapons Level 3  
  110  13:58  Zergling x6  
  110  13:59  Zergling x36  
  103  14:14  Baneling x7  
  103  14:15  Baneling  
  90  14:32  Zergling x20, Hatchery  
  90  14:33  Zergling x4  
  95  14:41  Zerg Flyer Armor Level 1  
  81  14:47  Queen  
  81  14:48  Queen x3  
  81  14:50  Zerg Ground Armor Level 3  
  87  14:52  Baneling  
  87  14:53  Baneling x5  
  87  14:58  Brood Lord x3  
  93  15:12  Drone x7  
  93  15:13  Drone x4  
  104  15:31  Drone x4  
  108  15:36  Extractor  
  108  15:37  Infestor x4, Extractor  
  110  15:58  Zergling x26  
  117  16:11  Corruptor  
  117  16:12  Corruptor x2  
  123  16:19  Drone  
  124  16:31  Zergling x12  
  124  16:32  Zergling x12  
  136  16:34  Hatchery  
  136  16:36  Drone  
  136  16:37  Drone x3  
  123  16:48  Zergling x20  
Tags
 
Add a new tag
Caveats
  • Supply blocks, unpowered buildings, or Contaminate may cause inaccurate times.
  • Supply counts are checked every 10 seconds.